Match 46342002
Unlisted

Match 46342002
End
Selects Luftwaffe Battlegroup
Selects Luftwaffe Pioneer Support
Fallschirmpioneer Squad Paradrop
Kettenkrad Recon Vehicle
Construct Infanterie Kompanie
Grenadier Squad
Grenadier Squad
Selects Reconnaissance Run
MG 42 Machine Gun Team
Construct Panzergrenadier Kompanie
Medical Station
Pak 40 Anti-tank Gun Team
Selects Fallschirmjäger Squad Paradrop
GrW 34 Mortar Team
Reconnaissance Run
Fallschirmjäger Squad Paradrop
Support Elements
StuG III G Assault Gun
Fallschirmjäger Squad Paradrop
Panzergrenadier Officer Quarters
Selects Flak 38 Anti-Air Emplacement
Selects Stuka Loiter
Stuka Loiter
251 Medium Carrier
Selects Flak 36 Anti-tank Gun Emplacement
StuG III G Assault Gun
Reconnaissance Run
Stuka Loiter
Reconnaissance Run
Pioneer Squad
StuG III G Assault Gun
Fallschirmpioneer Squad Paradrop
Alloyzy Klex®
SEPH
ManOfWar
Yeknod
0
0

Comments sign in to comment!

No comments posted yet!